 Dungeon Crawl Stone Soup version 0.30.1-4-g462c640d31 (webtiles) character file.

Game seed: 346882066110002655

77 Zeor the Gusty (level 4, -4/24 HPs)
             Began as a Tengu Air Elementalist on Aug 19, 2023.
             Slain by a gnoll
             ... wielding a +0 spear
              (5 damage)
             ... on level 2 of the Dungeon.
             The game lasted 00:08:52 (1817 turns).

Zeor the Gusty (Tengu Air Elementalist)             Turns: 1817, Time: 00:08:53

Health: -4/24      AC:  2    Str:  8    XL:     4   Next: 33%
Magic:  1/8        EV: 13    Int: 18    God:
Gold:   67         SH:  0    Dex: 20    Spells: 1/7 levels left

rFire   . . .        d - +1 whip (holy)
rCold   . . .        (no shield)
rNeg    . . .        a - +0 robe
rPois   .            (helmet restricted)
rElec   .            (no cloak)
rCorr   .            (no gloves)
SInv    .            (boots unavailable)
Will    .....        g - amulet of faith
Stlth   ++           c - +6 ring of dexterity
HPRegen 0.24/turn    (no ring)
MPRegen 0.11/turn

%: faith
@: no status effects
A: beak, talons 3
a: no special abilities


You were on level 2 of the Dungeon.
You visited 1 branch of the dungeon, and saw 2 of its levels.

You collected 67 gold pieces.

Inventory:

Hand Weapons
 d - a +1 whip of holy wrath (weapon)
 e - a +0 short sword
Armour
 a - a +0 robe (worn)
Jewellery
 c - a +6 ring of dexterity (left hand)
 g - an amulet of faith (around neck)
Potions
 b - a potion of magic
 f - a potion of mutation
 j - a potion of lignification {unknown}
 l - a potion of might {unknown}


   Skills:
 * Level 0.9 Fighting
 * Level 1.0 Armour
 + Level 2.4 Dodging
 + Level 2.0 Stealth
 + Level 2.2 Spellcasting
 + Level 2.8 Conjurations
 + Level 5.1 Air Magic


You had one spell level left.
You knew the following spells:

 Your Spells              Type           Power      Damage    Failure   Level
d - Static Discharge      Conj/Air       32%        2-4/arc   5%          2
f - Swiftness             Air            20%        N/A       6%          3
s - Shock                 Conj/Air       64%        1d7       3%          1

Your spell library contained the following spells:

 Spells                   Type           Power      Damage    Failure   Level
 Airstrike                Air            10%        2d(2-18)  22%         4
 Call Canine Familiar     Summ           1%         N/A       47%         3
 Manifold Assault         Tloc           1%         N/A       87%         4
 Lee's Rapid Deconstruct  Erth           0%         3d4*      99%         5
 Dispersal                Tloc           0%         N/A       100%        6
 Iron Shot                Conj/Erth      3%         9d2       100%        6
 Summon Cactus Giant      Summ           0%         N/A       100%        6
 Disjunction              Tloc           0%         N/A       100%        8


Dungeon Overview and Level Annotations

Branches:
Dungeon (2/15)

Altars:

Shops:
D:1 =   D:2 =


Innate Abilities, Weirdness & Mutations

You have a beak for a mouth.
You have claws for feet.


Message History

The adder attacks as you move away! The adder barely misses you.
You feel sick.
You feel sick. The adder attacks as you move away! The adder bites you.
You feel sick. The adder completely misses you.
The adder attacks as you move away! The adder bites you.
You feel sick.
You are no longer poisoned.
The adder bites you.
You are poisoned.
The adder poisons you!
You feel sick. The adder closely misses you.
The kobold throws a stone.
The stone barely misses you.
You feel sick.
You feel sick.
You feel sick. The adder misses you. The adder attacks as you move away!
The adder barely misses you.
You feel sick.
Things that are here:
12 gold pieces; a +0 club; a gnoll skeleton
Casting: Shock (safe; 3% risk of failure)
Confirm with . or Enter, or press ? or * to list all spells.
The adder is struck by an arc of lightning.
The adder is moderately wounded.
The kobold is struck by an arc of lightning.
You kill the kobold!
The gnoll is struck by an arc of lightning.
The gnoll is moderately wounded.
The lightning grounds out.
You feel sick. The adder bites you but does no damage.
Casting: Static Discharge (safe; 5% risk of failure)
Confirm with . or Enter, or press ? or * to list all spells.
The adder is struck by an arc of lightning.
The adder is severely wounded.
You are struck by an arc of lightning.
* * * LOW HITPOINT WARNING * * *
The lightning grounds out.
* * * LOW HITPOINT WARNING * * *
You feel sick.
You are no longer poisoned.
The adder closely misses you.
The gnoll hits you from afar with a +0 spear.
You die... ∙∙∙∙∙∙∙∙∙∙∙∙∙▒ ∙∙ ∙∙∙∙∙∙∙▒▒▒▒▒∙▒ ▒∙∙∙∙ ∙∙∙∙∙∙∙∙∙ ∙∙∙∙∙∙∙∙∙∙∙▒■▒▒▒∙∙∙∙ ∙∙∙∙∙∙∙∙∙ ∙∙∙∙∙∙∙∙∙∙∙∙∙∙∙∙∙∙∙▒▒▒∙∙∙∙∙∙∙∙ ∙∙∙∙∙∙∙∙∙∙∙∙∙∙∙∙∙∙∙∙∙∙∙∙∙∙∙∙∙∙ ∙∙∙∙∙∙∙∙∙∙∙∙∙∙∙∙∙∙∙∙∙∙∙∙∙∙∙∙∙∙ ∙∙∙∙∙∙∙∙∙∙∙∙∙∙∙∙∙∙∙∙∙∙∙∙∙∙∙∙∙∙ ∙∙∙∙∙∙∙∙∙∙∙∙∙∙▒▒▒▒▒∙∙∙∙∙∙∙∙∙∙∙ ∙∙∙∙∙∙∙∙∙∙∙∙∙∙gSQ)÷∙∙∙∙∙∙∙∙?∙∙

∙∙∙∙∙∙∙∙∙∙∙∙∙∙▒▒▒▒▒∙∙∙▒∙∙∙∙∙∙∙
▒▒▒▒∙∙∙∙∙∙∙∙∙∙▒ ▒∙∙∙▒∙)∙∙∙∙∙
▒∙∙∙∙∙∙▒▒▒▒▒ ▒∙∙∙▒∙∙∙∙∙∙∙
▒∙∙∙∙∙∙▒ ▒∙∙∙▒∙∙∙∙∙∙∙ ▒∙∙∙∙∙∙▒
▒∙∙∙▒▒▒▒▒▒▒▒ ▒∙∙∙∙∙∙▒ ▒▒▒▒▒
▒∙∙∙∙∙∙▒ ▒▒▒▒▒▒▒▒


You could see a gnoll and an adder.

Vanquished Creatures
  3 gnolls (D:2)
  An adder (D:2)
  A worm (D:1)
  A ball python (D:2)
  3 bats (D:2)
  4 endoplasms
  2 giant cockroaches
  4 hobgoblins
  5 kobolds
  2 quokkas
  3 frilled lizards
  7 rats
36 creatures vanquished.

Notes
Turn   | Place    | Note
-------+----------+-------------------------------------------
     0 | D:1      | Zeor the Tengu Air Elementalist began the quest for the
                  | Orb.
     0 | D:1      | Reached XP level 1. HP: 10/10 MP: 4/4
   254 | D:1      | Reached XP level 2. HP: 13/16 MP: 1/6
   269 | D:1      | Learned a level 2 spell: Static Discharge
   517 | D:1      | Found Jaujag's Jewellery Shoppe.
  1053 | D:2      | Reached XP level 3. HP: 20/20 MP: 0/7
  1141 | D:2      | Learned a level 3 spell: Swiftness
  1217 | D:2      | Got Atis's Atlas of Underground Production
  1500 | D:2      | Reached skill level 5 in Air Magic
  1500 | D:2      | Reached XP level 4. HP: 10/24 MP: 0/8
  1656 | D:2      | Reached skill level 1 in Armour
  1720 | D:2      | Found Yczeagyl's Jewellery Emporium.
  1817 | D:2      | HP: 1/24 [poisoned by an adder]
  1817 | D:2      | Slain by a gnoll

Illustrated notes

Levels and vault maps discovered:
D:1:      dpeg_arrival_chambers_temple_mockup, layout_basic, serial_shops, shop,
          nicolae_wormholes
D:2:      layout_basic, serial_shops, shop, minmay_tetromino_s4

Skill      XL: |  1  2  3  4 |
---------------+-------------+-----
Conjurations   | 2 |  2.8
Air Magic      | 5 |  5.1
Armour         | 1 |  1.0
Fighting       | |  0.9
Dodging        | |  2.4
Stealth        | |  2.0
Spellcasting   | |  2.2

Action                     |  1- 3 |  4- 6 || total
---------------------------+-------+-------++-------
  Melee: Whip              |    14 |     1 ||    15
         Peck              |     3 |       ||     3
         Kick              |     4 |       ||     4
   Cast: Shock             |    55 |    11 ||    66
         Static Discharge  |     5 |     3 ||     8
    Use: Scroll            |     3 |     1 ||     4
         Potion            |     2 |       ||     2
   Stab: Distracted        |     1 |       ||     1
 Armour: Robe              |     4 |     2 ||     6
  Dodge: Dodged            |    23 |    13 ||    36
